Map: Efflorescence LE

Players

qqq - Winner!

  • Race: Zerg Zerg
  • Spawn Location: 12:00

Massa - Winner!

  • Race: Terran Terran
  • League: Platinum
  • Spawn Location: 3:00

set

  • Race: Protoss Protoss
  • Spawn Location: 9:00

STRATEG

  • Race: Protoss Protoss
  • Spawn Location: 6:00

VOD

Have the link to the VOD?

Description

Time

  • Played on: Oct. 9, 2020, 12:29 p.m.
  • Length: 8:32
Show
View Real Time Build Order
Export as new Build Order

qqq Zerg - Winner!

Build Orders: Hatch First 

Get SALT Encoding   

  12  0:01  Drone  
  13  0:08  Drone  
  14  0:36  Hatchery  
  14  0:40  Drone  
  14  1:20  Overlord x2  
  14  1:25  Spawning Pool  
  13  1:27  Extractor, Drone  
  13  1:34  Drone  
  14  1:43  Drone  
  16  1:54  Drone  
  16  1:58  Drone  
  17  2:13  Drone  
  18  2:15  Queen  
  18  2:22  Queen  
  22  2:26  Drone  
  23  2:31  Zergling x2  
  24  2:37  Metabolic Boost  
  24  2:41  Drone  
  25  2:45  Drone  
  25  2:48  Zergling x2  
  27  2:52  Drone  
  27  2:55  Zergling x2  
  29  2:59  Zergling x2  
  29  3:02  Zergling x2  
  29  3:05  Zergling x2  
  32  3:09  Zergling x2  
  32  3:12  Zergling x2  
  34  3:22  Zergling x2  
  34  3:24  Zergling x2  
  36  3:28  Overlord  
  36  3:35  Lair  
  36  3:42  Roach Warren  
  36  3:44  Drone  
  36  3:47  Zergling x2  
  37  3:50  Zergling x2  
  37  3:59  Zergling x6  
  40  4:11  Zergling x8  
  44  4:23  Overlord x2  
  44  5:02  Roach x4  
  44  5:03  Roach x3  
  44  5:04  Roach  
  58  5:20  Roach  
  54  5:38  Roach  
  54  5:39  Roach x3  
  58  5:42  Drone  
  58  5:43  Drone x2  
  55  5:52  Glial Reconstitution  
  55  5:54  Drone x3  
  57  6:05  Drone  
  57  6:06  Drone  
  59  6:13  Overlord  
  59  6:19  Hatchery, Overlord  
  59  6:20  Drone  
  59  6:26  Overlord  
  59  6:30  Spore Crawler  
  58  6:33  Spore Crawler  
  57  6:42  Roach x3  
  57  6:43  Roach  
  57  6:45  Drone  
  64  7:16  Zergling x6  
  64  7:17  Zergling x10  
  72  7:25  Zergling x2  
  72  7:26  Zergling x2  
  74  7:31  Queen  
  74  7:32  Drone  
  77  7:43  Roach x4  
  85  7:45  Drone x2  
  85  7:47  Drone  
  88  7:59  Roach  
  88  8:01  Hatchery  
  88  8:03  Overlord x3  
Show
View Real Time Build Order
Export as new Build Order

Massa Terran - Winner!

Build Orders: Reaper Expand 

Get SALT Encoding   

  12  0:01  SCV  
  13  0:13  SCV  
  14  0:17  Supply Depot  
  14  0:25  SCV  
  15  0:39  SCV  
  15  0:40  Barracks  
  16  0:48  Refinery  
  16  0:51  SCV  
  17  1:03  SCV  
  18  1:15  SCV  
  19  1:31  Reaper  
  20  1:34  Orbital Command  
  20  1:42  Command Center  
  20  2:00  SCV  
  21  2:03  Marine  
  22  2:12  SCV, Factory  
  23  2:23  Refinery  
  23  2:45  Supply Depot  
  23  2:46  Supply Depot  
  23  2:52  Supply Depot  
  23  2:53  SCV, Engineering Bay  
  23  2:58  Widow Mine  
  26  3:00  Starport  
  26  3:05  SCV  
  26  3:12  Barracks Reactor  
  27  3:19  Widow Mine  
  28  3:38  Orbital Command  
  28  3:39  SCV  
  29  3:42  Medivac  
  29  3:48  Marine x2  
  32  3:51  Factory Tech Lab, SCV  
  34  4:03  SCV  
  34  4:06  Marine x2  
  34  4:08  SCV  
  38  4:15  SCV  
  39  4:20  SCV, Siege Tank  
  39  4:23  Marine  
  39  4:24  Marine  
  45  4:27  SCV  
  46  4:32  SCV  
  46  4:34  Liberator  
  50  4:39  SCV  
  50  4:41  Marine x2  
  50  4:44  SCV  
  54  4:52  Command Center  
  54  4:55  Missile Turret  
  54  4:57  Missile Turret  
  54  5:01  Siege Tank  
  54  5:04  Marine x2  
  59  5:08  Missile Turret  
  59  5:41  Marine x2  
  57  5:58  Marine  
  57  5:59  Marine  
  59  6:06  Barracks  
  59  6:10  Barracks  
  59  6:13  SCV x2  
  59  6:16  Marine x2  
  63  6:25  SCV x2  
  65  6:34  Marine x2  
  65  6:37  SCV x2  
  56  6:47  Bunker  
  56  6:49  SCV x2, Siege Tank  
  56  6:50  Bunker  
  56  6:52  Orbital Command, Marine x2  
  54  6:58  Marine  
  54  6:59  Marine  
  55  7:01  SCV  
  55  7:02  SCV  
  54  7:10  Marine  
  54  7:13  SCV  
  54  7:14  SCV  
  57  7:16  Marine x2  
  57  7:21  Siege Tank  
  62  7:25  SCV  
  62  7:26  SCV  
  61  7:32  Liberator  
  61  7:34  Marine x2  
  66  7:37  SCV  
  66  7:38  SCV x2  
  69  7:46  Refinery  
  69  7:48  Refinery  
  69  7:49  SCV  
  69  7:50  SCV x2  
  72  7:52  Armory, Marine  
  72  7:53  Siege Tank  
  72  7:54  Engineering Bay  
  72  7:57  Armory  
  76  8:00  Barracks Tech Lab  
  76  8:02  SCV  
  77  8:11  Supply Depot  
  77  8:12  Barracks Reactor  
  77  8:13  Supply Depot  
  77  8:14  Supply Depot  
Show
View Real Time Build Order
Export as new Build Order

set Protoss 

Build Orders:  

Get SALT Encoding   

  12  0:00  Probe  
  13  0:12  Probe  
  14  0:19  Pylon  
  14  0:25  Probe  
  15  0:37  Probe (Chrono Boost)  
  15  0:40  Gateway  
  16  0:49  Probe (Chrono Boost)  
  17  0:55  Probe (Chrono Boost)  
  18  1:03  Probe  
  19  1:09  Assimilator  
  18  1:13  Assimilator  
  18  1:15  Probe  
  19  1:27  Probe  
  19  1:28  Cybernetics Core  
  21  1:40  Probe  
  21  1:57  Nexus  
  21  2:01  Pylon  
  21  2:08  Stalker (Chrono Boost)  
  23  2:17  Warp Gate  
  23  2:19  Probe (Chrono Boost)  
  24  2:31  Probe (Chrono Boost)  
  25  2:38  Probe (Chrono Boost)  
  25  2:42  Adept  
  28  2:45  Probe  
  28  2:46  Pylon  
  29  2:56  Robotics Facility  
  29  3:03  Probe  
  30  3:13  Probe  
  30  3:18  Sentry  
  33  3:21  Probe  
  33  3:23  Shield Battery  
  34  3:29  Twilight Council  
  35  3:34  Probe (Chrono Boost)  
  35  3:38  Probe (Chrono Boost)  
  36  3:47  Observer, Probe (Chrono Boost)  
  36  3:48  Forge  
  38  3:56  Probe  
  39  4:14  Resonating Glaives (Chrono Boost), Adept  
  39  4:16  Probe  
  40  4:20  Gateway  
  40  4:32  Gateway  
  40  4:36  Photon Cannon  
  39  4:43  Adept  
  41  4:49  Gateway  
  41  4:52  Probe  
  42  5:00  Gateway  
  42  5:05  Pylon  
  42  5:10  Pylon  
  40  5:42  Adept  
  39  6:02  Assimilator  
  39  6:11  Probe  
  39  6:16  Gateway, Adept  
  39  6:55  Nexus  
  35  7:12  Immortal (Chrono Boost)  
  39  7:18  Sentry x3  
  39  7:20  Forge  
  39  7:22  Probe (Chrono Boost)  
  42  7:29  Pylon  
  42  7:43  Robotics Bay  
  42  7:45  Probe  
  47  7:51  Immortal (Chrono Boost)  
  47  7:55  Pylon  
  47  8:00  Photon Cannon  
  47  8:02  Stalker  
Show
View Real Time Build Order
Export as new Build Order

STRATEG Protoss 

Build Orders:  

Get SALT Encoding   

  12  0:12  Pylon  
  12  0:15  Probe (Chrono Boost)  
  13  0:25  Probe (Chrono Boost)  
  14  0:30  Probe (Chrono Boost)  
  15  0:41  Probe  
  16  0:46  Gateway  
  16  0:52  Assimilator  
  16  0:53  Probe  
  17  1:05  Probe  
  18  1:17  Probe  
  19  1:25  Gateway  
  19  1:29  Probe (Chrono Boost)  
  20  1:35  Cybernetics Core  
  20  1:39  Probe (Chrono Boost)  
  21  1:40  Pylon  
  21  1:44  Probe (Chrono Boost)  
  22  1:54  Assimilator  
  22  2:13  Stalker x2, Warp Gate (Chrono Boost)  
  25  2:40  Probe  
  26  2:52  Probe  
  27  3:05  Twilight Council  
  27  3:08  Pylon  
  27  3:11  Nexus  
  27  3:13  Pylon  
  27  3:18  Assimilator  
  27  3:23  Assimilator  
  27  3:40  Gateway  
  27  3:41  Charge (Chrono Boost), Gateway  
  27  3:54  Probe (Chrono Boost)  
  28  4:04  Probe (Chrono Boost)  
  28  4:09  Probe (Chrono Boost)  
  30  4:18  Zealot  
  30  4:19  Zealot  
  30  4:20  Probe  
  31  4:40  Zealot x3  
  37  5:01  Zealot  
  37  5:02  Zealot x3  
  39  5:57  Stalker x4  
  47  6:05  Pylon  
  47  6:07  Pylon  
  47  6:08  Forge  
  47  6:09  Pylon  
  47  6:22  Nexus  
  47  6:31  Assimilator  
  47  6:36  Assimilator  
  33  7:16  Stalker x4  
  35  7:56  Shield Battery  
  35  7:58  Shield Battery  
Tags
 
Add a new tag
Caveats
  • Supply blocks, unpowered buildings, or Contaminate may cause inaccurate times.
  • Supply counts are checked every 10 seconds.